[Event "*** Titled Tuesday Blitz"]
[Site "Chess.com"]
[Date "2021.03.16"]
[Round "6"]
[White "Speed-O-Sonic"]
[Black "Oligan22"]
[Result "1-0"]
[WhiteElo "2377"]
[BlackElo "2488"]
[TimeControl "180+1"]
[EndTime "11:08:29 PDT"]
[Termination "Speed-O-Sonic won on time"]

1. d4 Nf6 2. Bg5 d5 3. Bxf6 exf6 4. e3 Be6 5. g3 c5 6. Bg2 Nc6 7. Ne2 Qb6 8. b3 cxd4 9. Nxd4 Nxd4 10. Qxd4 Bc5 11.
Qd2 d4 12. exd4 Bxd4 13. c3 Be5 14. O-O Rc8 15. Kh1 O-O 16. f4 Rfd8 17. Qe1 Bd6 18.
c4 Bb4 19. Qe4 Rc7 20. Qf3 Bf5 21. a3 Rd3 22. Qe2 Re7 23. Qc2 Bc5 24. g4 Rf3 25.
Qxf5 Rxf1+ 26. Bxf1 Qc6+ 27. Qd5 Re1 28. Kg2 Bd4 29.
Qxc6 bxc6 30. Ra2 Rxb1 31. Rd2 c5 32. b4 g6 33. bxc5 Bxc5 34. a4 Be3 35. Rd7 Bxf4 36. Rxa7 Rb2+ 37. Kf3 Bxh2 38. c5 Bg1 39. Bc4 Bxc5 40.
Rxf7 Rc2 41. Bd5 Rc3+ 42. Ke2 Kh8 43. Rxf6 Bd4 44. Rf8+ Kg7 45. Rf4 Be5 46. Re4 Bf6 47. a5 Ra3 48. Re8 Rxa5 49. Be6 Re5+ 50. Kf3 Bg5 51. Kg2 Re3 52. Rg8+ Kf6 53. Bd5 Rc3 54. Bf3 Ke5 55. Re8+ Kf6 56. Rh8 Kg7 57. Ra8 Rc2+ 58. Kf1 Bf6 59. Ra7+ Kh6 60. Be2 Bd4 61.
Ra4 Be3 62. Ra3 Rc1+ 63. Kg2 Bg5 64. Rh3+ Kg7 65. Rb3 Rc2 66. Rb7+ Kf6 67. Kf3 h6 68. Rb6+ Kg7 69. Rxg6+ Kf7 70. Rd6 Rc3+ 71. Rd3 Rc5 72. Rd7+ Kf6 73. Rb7 Ke5 74. Bd3 Rc3 75. Ke2 Kd4 76. Bf5 Ra3 77. Rd7+ Ke5 78. Rd3 Ra2+ 79. Kf3 Bh4 80. Rd1 Rf2+ 81. Ke3 Rh2 82. Rf1 Bg5+ 83. Kd3 Rd2+ 84. Kc4 Rd4+ 85. Kc3 Rd8 86. Re1+ Kf4 87. Kc4 Bh4 88. Rf1+ Ke3 89. Ra1 1-0

[Event "*** Titled Tuesday Blitz"]
[Site "Chess.com"]
[Date "2021.03.16"]
[Round "6"]
[White "BahadirOzen"]
[Black "Beltraxtor"]
[Result "1-0"]
[WhiteElo "2783"]
[BlackElo "2600"]
[TimeControl "180+1"]
[EndTime "11:08:56 PDT"]
[Termination "BahadirOzen won by resignation"]

1. g3 d5 2. Bg2 c6 3. Nf3 Bf5 4.
O-O e6 5. d3 h6 6. b3 Nf6 7.
Bb2 Be7 8. Nbd2 O-O 9. c4 Bh7 10.
a3 a5 11. Qc2 Qb6 12. Bc3 Nbd7 13. Qb2 Rfc8 14. b4 axb4 15. axb4 Bg6 16. c5 Qc7 17.
Ne5 Bf8 18. Nxg6 fxg6 19. Nf3 b6 20. cxb6 Qxb6 21. Rfb1 c5 22. Rxa8 Rxa8 23. bxc5 Bxc5 24. Qxb6 Bxb6 25. Bh3 Kf7 26. Ne5+ Ke7 27. Nxg6+ Kd6 28.
Bb4+ Bc5 29. Bxc5+ Nxc5 30. Rb6+ Kc7 31. Rb5 Kc6 32.
Rb2 Kd6 33. Kg2 Ncd7 34. f4 Ra6 35. Kf3 e5 36. fxe5+ Nxe5+ 37. Nxe5 Kxe5 38. e3 g5 39. Bc8 Rc6 40. d4+ Kd6 41. Bf5 Kc7 42. h4 Rc1 43.
hxg5 hxg5 44. g4 Rf1+ 45. Kg2 Re1 46. Kf2 Rc1 47. Ra2 Kb7 48. Rb2+ Kc7 49. Rb3 Rh1 50.
Kg2 Re1 51. Kf2 Rc1 52. Ra3 Kb7 53. Ra5 Rh1 54. Rb5+ Kc7 55. Rc5+ Kb7 56. Rb5+ Kc7 57. Rb3 Rh2+ 58. Kg3 Rd2 59. Rc3+ Kb7 60. Rc2 Rxc2 61. Bxc2 Kc6 62. Kf3 Kd6 63. Bf5 Ke7 64. Ke2 Kd6 65. Kd3 Kc6 66. Kc3 Kb5 67. Kb3 Ka5 68. Ka3 Kb5 69. Bd3+ Ka5 70. Be2 Ne4 71. Kb3 Nd2+ 72.
Kc2 Ne4 73. Bf3 Nf6 74. Kc3 Kb5 75. Be2+ Ka5 76. Bf3 Kb5 77. Kd3 Kc6 78. e4 dxe4+ 79. Bxe4+ Kd6 80. Bf3 Ke6 81. Ke3 Kd6 82. Kd2 Ne8 83. Kc3 Ng7 84. Kd3 Ne6 85. Ke4 Ng7 86. Bg2 Ke6 87. d5+ Kd6 88. Kd4 Ne8 89. Ke4 Ng7 90.
Bf3 Ke7 91. Ke5 Ne8 92. Kf5 Nd6+ 93. Kxg5 Nc4 94. Kf4 Nd6 95. g5 Kf7 96. Bh5+ Kg7 97. Ke5 Nc4+ 98. Ke6 1-0

[Event "*** Titled Tuesday Blitz"]
[Site "Chess.com"]
[Date "2021.03.16"]
[Round "6"]
[White "Bodnar_Mykola"]
[Black "SF-96"]
[Result "1-0"]
[WhiteElo "2478"]
[BlackElo "2585"]
[TimeControl "180+1"]
[EndTime "11:09:05 PDT"]
[Termination "Bodnar_Mykola won by checkmate"]

1. e4 e5 2. Nf3 Nc6 3. Bc4 Bc5 4. c3 Nf6 5. d3 d6 6. O-O h6 7. Re1 O-O 8. h3 a6 9. a4 Ba7 10. a5 Ne7 11. d4 exd4 12. cxd4 d5 13. exd5 Nexd5 14. Nc3 Be6 15. Qb3 Rb8 16. Bd2 Re8 17. Rad1 c6 18. Na4 Nc7 19. Bf4 Bxc4 20. Qxc4 Qd5 21.
Qc3 Nb5 22. Qb4 Rxe1+ 23. Rxe1 Nxd4 24. Nxd4 Rd8 25. Nf3 Qf5 26. Be3 Bxe3 27. Rxe3 Nd5 28. Qd2 Kh7 29. Re1 Rd6 30. Nc3 Rg6 31. Nxd5 Qxf3 32. Nf4 Rg5 33. Qd3+ Qxd3 34. Nxd3 Rxa5 35. Re7 Rd5 36. Ne1 Rb5 37. Re2 a5 38. f4 Rb3 39.
Kf2 Kg6 40. Nf3 a4 41. Nd4 Rb4 42. Ke3 Kf6 43. Rc2 g6 44. g4 h5 45. Ke4 hxg4 46.
hxg4 a3 47. bxa3 Ra4 48. Rc3 Kg7 49. g5 c5 50. Rxc5 Rxa3 51. Rb5 Ra1 52. Rxb7 Re1+ 53. Kf3 Kg8 54. Nc6 Re8 55. Ne5 Rf8 56. Nd7 Rd8 57. Nf6+ Kg7 58. Kg4 Rd1 59. Kf3 Rf1+ 60. Ke3 Re1+ 61.
Kf2 Ra1 62. Ng4 Ra2+ 63. Kf3 Ra3+ 64. Ne3 Rc3 65. Rd7 Ra3 66. Ke4 Ra4+ 67. Ke5 Ra3 68. Nd5 Ra1 69. Rb7 Re1+ 70. Kd4 Rd1+ 71. Ke4 Re1+ 72.
Ne3 Ra1 73. Kf3 Ra3 74. Rc7 Rb3 75. Ke4 Ra3 76. Rc4 Ra1 77. f5 gxf5+ 78. Kxf5 Ra5+ 79.
Kg4 Ra3 80. Nf5+ Kg8 81. Rc8+ Kh7 82. Rd8 Ra4+ 83. Nd4 f6 84. gxf6 Kg6 85. Rd6 Ra1 86. Kf4 Rf1+ 87. Nf3 Ra1 88. Ne5+ Kh7 89. Kf5 Rf1+ 90.
Ke6 Rf2 91. Rd7+ Kg8 92. f7+ Kg7 93. Rd8 Rf6+ 94. Ke7 Rf5 95. f8=Q+ Kh7 96. Qxf5+ Kh6 97. Qg6# 1-0

[Event "*** Titled Tuesday Blitz"]
[Site "Chess.com"]
[Date "2021.03.16"]
[Round "6"]
[White "GMKrikor"]
[Black "Sychev_Klementy"]
[Result "1/2-1/2"]
[WhiteElo "2752"]
[BlackElo "2870"]
[TimeControl "180+1"]
[EndTime "11:10:08 PDT"]
[Termination "Game drawn by repetition"]

1. Nf3 Nf6 2. c4 e6 3. Nc3 c5 4. g3 Nc6 5. Bg2 d5 6. cxd5 exd5 7. d4 cxd4 8. Nxd4 Bc5 9. Nb3 Bb6 10. O-O d4 11. Na4 O-O 12. Bg5 Re8 13. Nxb6 axb6 14. Bxc6 bxc6 15. Bxf6 Qxf6 16. Qxd4 Rxe2 17. Qxf6 gxf6 18. Nd4 Rxb2 19. Nxc6 Bh3 20. Rfc1 Raxa2 21. Rxa2 Rxa2 22. Ne7+ Kg7 23. Rb1 b5 24. Nd5 Rd2 25.
Nc3 b4 26. Rxb4 Rd3 27. Rh4 Be6 28. Ne2 Bd5 29. Rd4 Rxd4 30. Nxd4 Kg6 31. f3 f5 32. Kf2 Kf6 33. Ne2 Ke5 34. Nf4 Bc6 35. Ke3 Bb7 36. Nd3+ Kf6 37. Kf4 Bc6 38. Ne5 Bd5 39. h4 h6 40.
Nd7+ Kg6 41. Nb6 Bc6 42. Nc4 Kf6 43. Ne3 Bd7 44. Nd5+ Ke6 45. Nb6 Bc6 46. Nc4 Kf6 47.
Nb2 Bd7 48. Nd1 Bc6 49. Ne3 Bd7 50. Nd5+ Ke6 51. Nb4 Kf6 52. Nc2 Bc6 53. Nd4 Bd7 54. h5 Bc8 55. Nc6 Bd7 56. Ne5 Bc8 57. Nc4 Bd7 58. Nd6 Be6 59. Nb5 Bd7 60. Nd4 Bc8 61. Nc2 Bd7 62. Nb4 Be6 63. Na6 Bd7 64. Nc5 Bc8 65. Na4 Bd7 66. Nc3 Bc6 67. Nd1 Bb7 68. Ne3 Bc8 69. Nd5+ Ke6 70. Nc7+ Kf6 71. Ne8+ Ke7 72.
Nc7 Kf6 73. Nd5+ Ke6 74. Ne3 Kf6 75. g4 fxg4 76. fxg4 Be6 77. Nc2 Bd7 78. Nd4 Bc8 79.
Nf3 Be6 80. Nd2 Bd7 81. Ne4+ Kg7 82. Nd6 Be6 83. Nf5+ Kh7 84. Nd6 Bd7 85. Nxf7 Kg7 86.
Ne5 Be6 87. Nf3 Kf6 88. Nd4 Bd7 89. Ne2 Be6 90. Ng3 Bd7 91. Ne4+ Kg7 92. Nf2 Kf6 93. Nd1 Be6 94. Nc3 Kg7 95. Nb5 Bd7 96. Nd4 Kh7 97. Nf5 Bc6 98. Ke5 Bf3 99. Ne3 Be2 100. Kf5 Bf3 101. Kf6 Be2 102. Kf7 Bd3 103. Kf8 Be2 104. Nd5 Bd3 105. Nf6+ Kh8 106. Kf7 Bc2 107. Nd7 Kh7 108. Nf8+ Kh8 109.
Kf6 Bd1 110. Ng6+ Kh7 111. Ne5 Be2 112. Kf7 Bd1 113. Kf8 Be2 114. Nd7 Kh8 115. Nf6 Bd1 116. Ke7 Bc2 117. Kf7 Bd3 118. Nd7 Kh7 119. Kf6 Be2 120. Ne5 Bd1 121. Kf7 Be2 122. Nd7 Kh8 123. Nf6 Bd3 124. Kf8 Be2 125.
Kf7 Bd3 1/2-1/2

[Event "*** Titled Tuesday Blitz"]
[Site "Chess.com"]
[Date "2021.03.16"]
[Round "7"]
[White "enriquebutti"]
[Black "vovachesss"]
[Result "0-1"]
[WhiteElo "2233"]
[BlackElo "2746"]
[TimeControl "180+1"]
[EndTime "11:11:47 PDT"]
[Termination "vovachesss won by resignation"]

1. d4 Nf6 2. c4 c6 3. Nf3 d5 4.
Nc3 dxc4 5. a4 Bg4 6. Ne5 Nbd7 7. Nxg4 Nxg4 8. e4 e5 9. Qxg4 exd4 10. Nd1 Bb4+ 11.
Bd2 Qa5 12. Qe2 c3 13. bxc3 dxc3 0-1

[Event "*** Titled Tuesday Blitz"]
[Site "Chess.com"]
[Date "2021.03.16"]
[Round "7"]
[White "muchojogo"]
[Black "CraiggoryC"]
[Result "1-0"]
[WhiteElo "2421"]
[BlackElo "2290"]
[TimeControl "180+1"]
[EndTime "11:13:02 PDT"]
[Termination "muchojogo won by resignation"]

1. d4 Nf6 2. Bf4 g6 3. e3 Bg7 4. Nf3 c5 5. c3 b6 6. h3 Bb7 7.
Nbd2 O-O 8. Be2 d6 9. O-O Nbd7 10. Bh2 cxd4 11. exd4 Qc7 12. a4 a6 13. Re1 Rfe8 14.
Bf1 e5 15. dxe5 dxe5 16. Nc4 Rad8 17. Nd6 Bxf3 18. Nxe8 Bxd1 19. Nxc7 1-0

[Event "*** Titled Tuesday Blitz"]
[Site "Chess.com"]
[Date "2021.03.16"]
[Round "7"]
[White "winniethepooh04"]
[Black "Smile2005"]
[Result "0-1"]
[WhiteElo "2262"]
[BlackElo "2431"]
[TimeControl "180+1"]
[EndTime "11:13:15 PDT"]
[Termination "Smile2005 won by checkmate"]

1. d4 Nf6 2. Nf3 g6 3. Bf4 Bg7 4. e3 O-O 5. Be2 d5 6. O-O c5 7. c3 Nc6 8. Nbd2 Nd7 9. Rc1 e5 10. dxe5 Ndxe5 11. Nxe5 Nxe5 12. Nf3 Nc6 13. h3 h6 14. Bh2 Be6 15. Qd2 Qa5 16. Rfd1 Rfd8 17. a3 b5 18. Qc2 Qb6 19. e4 d4 20. cxd4 Nxd4 21. Nxd4 Bxd4 22. Bf3 Rac8 23. Kh1 c4 24.
Qe2 Bxf2 25. Rxd8+ Rxd8 26. Rd1 Rxd1+ 27. Qxd1 Qd4 28.
Qc2 Qe3 29. Bb8 Qe1+ 30. Kh2 Qg1# 0-1

[Event "*** Titled Tuesday Blitz"]
[Site "Chess.com"]
[Date "2021.03.16"]
[Round "7"]
[White "Vasily85"]
[Black "Legendinunknown"]
[Result "1-0"]
[WhiteElo "2452"]
[BlackElo "2587"]
[TimeControl "180+1"]
[EndTime "11:13:48 PDT"]
[Termination "Vasily85 won by resignation"]

1. d4 Nf6 2. Bg5 Ne4 3. Bf4 d5 4. e3 c5 5. Bd3 Nf6 6. c3 Nc6 7. Nd2 g6 8. Ngf3 Bg7 9. h4 O-O 10. h5 Bg4 11. hxg6 hxg6 12. Qc2 cxd4 13. exd4 Nd7 14. Ng5 e5 15. Bxg6 fxg6 16. Qxg6 Bf5 17. Qd6 exf4 18. Qxd5+ 1-0

[Event "*** Titled Tuesday Blitz"]
[Site "Chess.com"]
[Date "2021.03.16"]
[Round "7"]
[White "atwalcb"]
[Black "davigator"]
[Result "1/2-1/2"]
[WhiteElo "2545"]
[BlackElo "2425"]
[TimeControl "180+1"]
[EndTime "11:13:56 PDT"]
[Termination "Game drawn by repetition"]

1. d4 Nf6 2. Bg5 e6 3. e4 d5 4. Nc3 dxe4 5. Nxe4 Be7 6. Bxf6 gxf6 7. c3 f5 8. Nd2 c5 9. Ngf3 Nc6 10. Bb5 Bd7 11.
O-O cxd4 12. Bxc6 Bxc6 13. Nxd4 Qd5 14. Nxc6 Qxc6 15. Qf3 Rc8 16. Qxc6+ Rxc6 17. Rad1 h5 18. Nf3 Bf6 19. Rd2 Rc7 20. Rfd1 Ke7 21. Nd4 a6 22. h3 Rg8 23. Nf3 Rgc8 24. Kf1 Ke8 25. Rd3 Ke7 26. Ne1 Ke8 27. Ke2 Rc4 28. Nf3 Re4+ 29.
Re3 Rec4 30. Red3 Re4+ 31. Re3 Rec4 32. Red3 1/2-1/2

[Event "*** Titled Tuesday Blitz"]
[Site "Chess.com"]
[Date "2021.03.16"]
[Round "7"]
[White "jefferyx"]
[Black "Gabix_94"]
[Result "1-0"]
[WhiteElo "2997"]
[BlackElo "2810"]
[TimeControl "180+1"]
[EndTime "11:14:19 PDT"]
[Termination "jefferyx won by resignation"]

1. e4 c5 2. Nc3 Nc6 3. Nge2 e6 4. d4 cxd4 5. Nxd4 Qc7 6. g3 a6 7.
Bg2 d6 8. Nxc6 bxc6 9. O-O Nf6 10. b3 e5 11. f4 Be7 12. f5 O-O 13. Be3 Bb7 14. Na4 d5 15. Bb6 Qd7 16. Qe2 c5 17. exd5 Bxd5 18. Rad1 Qc6 19. Rxd5 Nxd5 20. c4 Rae8 21.
Bxd5 Qc8 22. Qe3 e4 23. Nxc5 Bd6 24. Nxe4 Be5 25. f6 Qh3 26. fxg7 Bxg7 27. Rxf7 Rxf7 28. Bxf7+ Kxf7 29. Ng5+ Kg6 30. Nxh3 Rxe3 31. Bxe3 1-0

[Event "*** Titled Tuesday Blitz"]
[Site "Chess.com"]
[Date "2021.03.16"]
[Round "7"]
[White "Sharpchess22"]
[Black "DenLaz"]
[Result "0-1"]
[WhiteElo "2733"]
[BlackElo "2850"]
[TimeControl "180+1"]
[EndTime "11:14:26 PDT"]
[Termination "DenLaz won by resignation"]

1. d4 d5 2. Nf3 Nf6 3. c4 c6 4. Nc3 dxc4 5. a4 Bf5 6. Ne5 Nbd7 7. Nxc4 Nb6 8. Ne5 a5 9. Bg5 h6 10. Bh4 e6 11. f3 Be7 12. e4 Bh7 13. Bf2 Nfd7 14.
Nd3 O-O 15. Be2 Qc7 16. O-O Rad8 17. Rc1 Qb8 18. Qb3 Nc8 19. Rfd1 Kh8 20. Bf1 Bd6 21.
e5 Be7 22. Ne4 Ncb6 23. Nec5 Nxc5 24. Nxc5 Qc7 25. Be1 Ra8 26. Qc2 Bxc2 0-1

[Event "*** Titled Tuesday Blitz"]
[Site "Chess.com"]
[Date "2021.03.16"]
[Round "7"]
[White "Tekushka"]
[Black "DonBroca"]
[Result "1-0"]
[WhiteElo "2409"]
[BlackElo "2204"]
[TimeControl "180+1"]
[EndTime "11:14:34 PDT"]
[Termination "Tekushka won by resignation"]

1. e4 c5 2. Nf3 d6 3. d4 cxd4 4. Nxd4 Nf6 5. Nc3 g6 6. f3 Bg7 7. Be3 Nc6 8. Qd2 O-O 9. O-O-O d5 10. exd5 Nxd5 11. Nxc6 bxc6 12. Bd4 Bxd4 13. Qxd4 Qb6 14.
Na4 Qc7 15. h4 e5 16. Qc5 Rb8 17. Rxd5 e4 18. Rd6 exf3 19. gxf3 Bf5 20. Bc4 a5 21.
h5 Rb4 22. b3 Rfb8 23. hxg6 Bxg6 24. Qe5 Rxc4 25. Rxg6+ 1-0

[Event "*** Titled Tuesday Blitz"]
[Site "Chess.com"]
[Date "2021.03.16"]
[Round "7"]
[White "bait_or_mate"]
[Black "Speed-O-Sonic"]
[Result "1-0"]
[WhiteElo "2507"]
[BlackElo "2369"]
[TimeControl "180+1"]
[EndTime "11:14:35 PDT"]
[Termination "bait_or_mate won by resignation"]

1. d4 d5 2. c4 c6 3. cxd5 cxd5 4. Bf4 Nc6 5. Nc3 Bf5 6. e3 e6 7.
Nf3 a6 8. Bd3 Bg6 9. O-O Bd6 10.
Rc1 Nf6 11. Na4 Bxf4 12. exf4 Qd6 13. Ne5 O-O 14. Nc5 Nb4 15. Bxg6 hxg6 16. a3 Nc6 17. Nxb7 Qd7 18. Nxd7 1-0

[Event "*** Titled Tuesday Blitz"]
[Site "Chess.com"]
[Date "2021.03.16"]
[Round "7"]
[White "bennyficial"]
[Black "northridgehawk"]
[Result "0-1"]
[WhiteElo "2215"]
[BlackElo "2348"]
[TimeControl "180+1"]
[EndTime "11:14:36 PDT"]
[Termination "northridgehawk won on time"]

1. e4 e5 2. Nf3 Nc6 3. d4 exd4 4. Nxd4 Qh4 5. Nc3 Bb4 6. Nb5 Nf6 7. Nxc7+ Kd8 8. Nxa8 Nxe4 9. Qf3 Re8 10. Be2 Nd4 11.
Qf4 Qxf4 12. Bxf4 Nxc3 13. Bg5+ f6 0-1

[Event "*** Titled Tuesday Blitz"]
[Site "Chess.com"]
[Date "2021.03.16"]
[Round "7"]
[White "FairChess_on_YouTube"]
[Black "BahadirOzen"]
[Result "1-0"]
[WhiteElo "2980"]
[BlackElo "2779"]
[TimeControl "180+1"]
[EndTime "11:14:41 PDT"]
[Termination "FairChess_on_YouTube won by resignation"]

1. e4 g6 2. d4 Bg7 3. Nf3 d6 4.
Bc4 e6 5. O-O Ne7 6. Bb3 O-O 7.
c3 b6 8. Re1 Bb7 9. Nbd2 c5 10.
Nf1 Nbc6 11. Ng3 Qc7 12. Be3 Na5 13. Qd2 Nxb3 14. axb3 cxd4 15. cxd4 Rfc8 16. Bh6 Qc2 17. Qf4 Bxh6 18. Qxh6 f6 19. Qf4 Qxb3 20. Qxf6 Rc7 21.
Ng5 1-0

[Event "*** Titled Tuesday Blitz"]
[Site "Chess.com"]
[Date "2021.03.16"]
[Round "7"]
[White "pavelalexandru07"]
[Black "Babas"]
[Result "0-1"]
[WhiteElo "2288"]
[BlackElo "2410"]
[TimeControl "180+1"]
[EndTime "11:14:43 PDT"]
[Termination "Babas won by resignation"]

1. e4 e5 2. Nf3 Nf6 3. Nxe5 d6 4. Nf3 Nxe4 5. Nc3 Nxc3 6. dxc3 Be7 7. Bd3 Nd7 8. Be3 Nf6 9. Qd2 O-O 10. O-O-O c5 11. h3 b5 12. Bxb5 Be6 13. a3 Rb8 14. Bd3 c4 15. Be2 Qa5 16. Nd4 Rxb2 17. Kxb2 Rb8+ 18.
Ka2 Ne4 19. Qc1 Nxc3+ 20. Ka1 Rb1+ 0-1

[Event "*** Titled Tuesday Blitz"]
[Site "Chess.com"]
[Date "2021.03.16"]
[Round "7"]
[White "MasterKroket"]
[Black "827883"]
[Result "1-0"]
[WhiteElo "2497"]
[BlackElo "2289"]
[TimeControl "180+1"]
[EndTime "11:14:51 PDT"]
[Termination "MasterKroket won by resignation"]

1. d4 d5 2. c4 e6 3. Nc3 c6 4. Nf3 Nf6 5. Bg5 dxc4 6. e4 b5 7. e5 h6 8. Bh4 g5 9. Nxg5 hxg5 10. Bxg5 Nbd7 11. exf6 Qa5 12. h4 Bb7 13. Be2 O-O-O 14. Bf3 Bb4 15. Qc2 c5 16. Bxb7+ Kxb7 17. Qe4+ Ka6 18.
O-O cxd4 19. a4 dxc3 20. axb5+ Kxb5 21. Rxa5+ Bxa5 22. Qb7+ Bb6 23. bxc3 Ne5 24. Rb1+ Ka5 25. Be3 Nd7 26. Bxb6+ 1-0

[Event "*** Titled Tuesday Blitz"]
[Site "Chess.com"]
[Date "2021.03.16"]
[Round "7"]
[White "RamyresCoelho"]
[Black "kubal123"]
[Result "1-0"]
[WhiteElo "2094"]
[BlackElo "2244"]
[TimeControl "180+1"]
[EndTime "11:15:22 PDT"]
[Termination "RamyresCoelho won by resignation"]

1. e4 c6 2. d4 d5 3. Nc3 dxe4 4. Nxe4 Nf6 5. Nxf6+ exf6 6. Nf3 Bd6 7. Bd3 O-O 8. Be3 Re8 9. Qd2 Nd7 10. O-O-O Nf8 11. Bf4 Be6 12. Bxd6 Qxd6 13. c4 b5 14. c5 Qd5 15.
Bb1 Bg4 16. Qd3 Rad8 17. h3 Bxf3 18. gxf3 Qh5 19. Rhg1 Ne6 20. Qc3 Nf4 21. Bd3 Qxf3 22. Bxh7+ 1-0

[Event "*** Titled Tuesday Blitz"]
[Site "Chess.com"]
[Date "2021.03.16"]
[Round "7"]
[White "Maddie"]
[Black "Andrakhanova"]
[Result "1-0"]
[WhiteElo "2068"]
[BlackElo "2221"]
[TimeControl "180+1"]
[EndTime "11:15:23 PDT"]
[Termination "Maddie won by checkmate"]

1. d4 d5 2. Nf3 e6 3. e3 c6 4. Bd3 Nf6 5. Nbd2 Nbd7 6. Ne5 Bd6 7. f4 Qc7 8. O-O b6 9. c3 Bb7 10. Ndf3 c5 11. Nxd7 Nxd7 12. Ne5 g6 13. Bb5 Bxe5 14. fxe5 a5 15. Qf3 Rf8 16. Bd2 Ba6 17. Bxa6 Rxa6 18.
e4 dxe4 19. Qxe4 b5 20. Bh6 Rg8 21. Qf3 Nb6 22. Qf2 cxd4 23. cxd4 Nd5 24. Rac1 Rc6 25. Rxc6 Qxc6 26. Qxf7+ Kd8 27. Qxg8+ Ke7 28. Rf7# 1-0

[Event "*** Titled Tuesday Blitz"]
[Site "Chess.com"]
[Date "2021.03.16"]
[Round "7"]
[White "MustafayevFarid2004"]
[Black "Aygehovit1992"]
[Result "1-0"]
[WhiteElo "2481"]
[BlackElo "2616"]
[TimeControl "180+1"]
[EndTime "11:15:34 PDT"]
[Termination "MustafayevFarid2004 won by checkmate"]

1. d4 Nf6 2. c4 e6 3. Nc3 Bb4 4. e3 b6 5. Ne2 Bb7 6. a3 Be7 7. Ng3 h5 8. d5 Na6 9. Bd3 Nc5 10. Bc2 h4 11. Nge4 Nfxe4 12. Nxe4 Nxe4 13. Bxe4 f5 14. Bf3 g5 15. h3 Bf6 16. dxe6 Bxf3 17. Qxf3 dxe6 18.
Qc6+ Kf7 19. e4 Qd6 20. Qxd6 cxd6 21. exf5 exf5 22. O-O Rac8 23. Rd1 Rhd8 24. Rd5 Ke6 25. Bd2 Rxc4 26. Rd3 d5 27. Re1+ Re4 28. Rc1 Bxb2 29. Rc6+ Rd6 30. Rc7 a5 31. Bxg5 Be5 32. Re7# 1-0

[Event "*** Titled Tuesday Blitz"]
[Site "Chess.com"]
[Date "2021.03.16"]
[Round "7"]
[White "AwareIdea"]
[Black "Darius321"]
[Result "0-1"]
[WhiteElo "2419"]
[BlackElo "2299"]
[TimeControl "180+1"]
[EndTime "11:15:37 PDT"]
[Termination "Darius321 won by checkmate"]

1. d4 d5 2. Nc3 c5 3. dxc5 d4 4. Na4 e5 5. e3 Bxc5 6. Nxc5 Qa5+ 7. c3 Qxc5 8. exd4 exd4 9. cxd4 Qb6 10.
Nf3 Nf6 11. Be2 O-O 12. O-O Nc6 13. b3 Nd5 14. Bb2 Nf4 15. Bc4 Bg4 16. h3 Bh5 17. d5 Rad8 18. Qd2 Nxh3+ 19. gxh3 Bxf3 20. Qc3 Nd4 21. Qd3 Ne2+ 22. Kh2 Qd6+ 23. Be5 Qxe5# 0-1

[Event "*** Titled Tuesday Blitz"]
[Site "Chess.com"]
[Date "2021.03.16"]
[Round "7"]
[White "Unknown_IM"]
[Black "Srisshhhtea"]
[Result "1-0"]
[WhiteElo "2406"]
[BlackElo "2287"]
[TimeControl "180+1"]
[EndTime "11:15:38 PDT"]
[Termination "Unknown_IM won by resignation"]

1. e4 c5 2. Nf3 d6 3. c3 Nf6 4. Be2 g6 5. O-O Bg7 6. Bb5+ Bd7 7. Bxd7+ Qxd7 8. Re1 O-O 9. d4 cxd4 10. cxd4 d5 11. e5 Ne4 12. Nc3 Nxc3 13. bxc3 e6 14. h4 Rc8 15. Bd2 Nc6 16. Ng5 Na5 17. h5 Nc4 18. Bc1 Nb6 19. Qf3 h6 20. Nh3 Na4 21. Bd2 Rc7 22. Qg4 gxh5 23. Qxh5 Nxc3 24. Bxh6 Ne4 25.
Rxe4 dxe4 26. Rd1 f5 27. exf6 Bxh6 28. Qxh6 Qh7 29. Qg5+ Kf8 30. Qe5 Rac8 31. Ng5 Qd7 32. Nxe6+ Kf7 33. Nxc7 Rxc7 34. Qxe4 Rc6 35. Qh7+ Ke8 36.
Re1+ Kd8 37. f7 Rf6 38. Qh8+ Kc7 39. Qxf6 1-0

[Event "*** Titled Tuesday Blitz"]
[Site "Chess.com"]
[Date "2021.03.16"]
[Round "7"]
[White "eljanov"]
[Black "IwkooO"]
[Result "1-0"]
[WhiteElo "2875"]
[BlackElo "2632"]
[TimeControl "180+1"]
[EndTime "11:15:41 PDT"]
[Termination "eljanov won by resignation"]

1. Nf3 c5 2. c4 Nc6 3. Nc3 g6 4. g3 Bg7 5. Bg2 e6 6. h4 h6 7. e3 Nge7 8. d4 cxd4 9. Nxd4 d5 10. O-O Nxd4 11. exd4 dxc4 12. Qa4+ Bd7 13. Qxc4 O-O 14. Bxb7 Rb8 15. Bg2 Rc8 16. Qa6 Bc6 17. Be3 Bxg2 18.
Kxg2 Qd7 19. Rfd1 Nd5 20. Nxd5 Qxd5+ 21. Kg1 Rc2 22. b3 Rc7 23. Rac1 Rxc1 24. Rxc1 Bxd4 25.
Rd1 e5 26. Bxd4 exd4 27. Qxa7 d3 28. Qe3 Rd8 29. Qxh6 d2 30. Qg5 Kg7 31. Qxd5 1-0

[Event "*** Titled Tuesday Blitz"]
[Site "Chess.com"]
[Date "2021.03.16"]
[Round "7"]
[White "ErikRonka"]
[Black "Buffy7"]
[Result "0-1"]
[WhiteElo "2432"]
[BlackElo "2622"]
[TimeControl "180+1"]
[EndTime "11:15:45 PDT"]
[Termination "Buffy7 won by resignation"]

1. d4 Nf6 2. Nf3 e6 3. g3 b6 4. Bg2 Bb7 5. O-O Be7 6. c4 O-O 7. Ne1 Bxg2 8. Nxg2 c5 9. d5 exd5 10.
cxd5 d6 11. Nc3 Re8 12. e4 Bf8 13. f3 a6 14. a4 Nbd7 15. Bf4 Nh5 16. Be3 Nhf6 17.
Bf4 Rb8 18. Qd2 c4 19. Rab1 Nc5 20. b4 cxb3 21. Be3 Nfd7 22. Nf4 Ne5 23. Nfe2 Nc4 24. Qd4 Na3 25. Rb2 b5 26. axb5 axb5 27. Bf2 b4 28.
Nd1 Be7 29. Ne3 Bf6 30. Qd2 Bxb2 31. Qxb2 Qa5 32. Nf5 f6 33. Nxd6 Nd3 34. Qd4 Nxf2 35. Nxe8 Rxe8 36. Rxf2 Nc2 37. Qb2 Qa2 38. Qd4 0-1

[Event "*** Titled Tuesday Blitz"]
[Site "Chess.com"]
[Date "2021.03.16"]
[Round "7"]
[White "TheCairnTerrier"]
[Black "frequentblunders"]
[Result "1-0"]
[WhiteElo "2158"]
[BlackElo "2070"]
[TimeControl "180+1"]
[EndTime "11:15:47 PDT"]
[Termination "TheCairnTerrier won by resignation"]

1. e4 e6 2. d4 c5 3. d5 Nf6 4. Nc3 d6 5. Nf3 e5 6. Nd2 g6 7.
Be2 Bg7 8. O-O O-O 9. a4 Nbd7 10. a5 Qe7 11. Nc4 Ne8 12. f3 f5 13. exf5 gxf5 14.
Be3 Nef6 15. Bg5 h6 16. Bh4 Re8 17. Nb5 Nh5 18. Bxe7 1-0

[Event "*** Titled Tuesday Blitz"]
[Site "Chess.com"]
[Date "2021.03.16"]
[Round "7"]
[White "vanImpe"]
[Black "lukazz029"]
[Result "0-1"]
[WhiteElo "2403"]
[BlackElo "2244"]
[TimeControl "180+1"]
[EndTime "11:16:05 PDT"]
[Termination "lukazz029 won by resignation"]

1. g3 c5 2. Bg2 d6 3. c4 Nc6 4.
Nc3 g6 5. Nf3 Bg7 6. O-O Nf6 7.
d4 cxd4 8. Nxd4 Nxd4 9. Qxd4 O-O 10.
Qd3 Nd7 11. b3 Rb8 12. Be3 a6 13. Ba7 Ra8 14. Bd4 Ne5 15. Qd2 Rb8 16. Rfd1 b5 17. f4 Ng4 18. Bxg7 Kxg7 19. c5 Bf5 20. e4 Be6 21.
cxd6 Qb6+ 22. Qd4+ Qxd4+ 23. Rxd4 exd6 24. Rxd6 Rfc8 25. Nd1 a5 26. h3 Nf6 27. g4 Rc2 28. f5 Bc8 29. e5 Ne8 30. Rd8 Rxg2+ 31. Kxg2 Bb7+ 32. Kg3 Rxd8 33. Ne3 Rd3 34. Kf4 g5+ 35. Kxg5 Rxe3 36. f6+ Kf8 37. Rd1 Be4 38. h4 Re2 39. a4 bxa4 40.
bxa4 Bc2 41. Rd4 Rxe5+ 42. Kh6 Nxf6 43. g5 Ng8+ 44. Kh5 Re4 45. Rd8+ Kg7 46. Rd5 Ne7 0-1

[Event "*** Titled Tuesday Blitz"]
[Site "Chess.com"]
[Date "2021.03.16"]
[Round "7"]
[White "hypert"]
[Black "fabianvivasz"]
[Result "1-0"]
[WhiteElo "2574"]
[BlackElo "2388"]
[TimeControl "180+1"]
[EndTime "11:16:09 PDT"]
[Termination "hypert won on time"]

1. e3 c5 2. d4 Nf6 3. Nf3 g6 4. dxc5 a5 5. Nbd2 Qc7 6. Bd3 Na6 7. O-O Nxc5 8. Bb5 Bg7 9. Rb1 O-O 10. b3 Nfe4 11.
Bb2 Bxb2 12. Nxe4 Nxe4 13. Rxb2 Nc3 14. Qd3 d5 15. a4 Bf5 16. Qd4 Bd7 17. Bd3 f6 18. Qh4 e5 19. e4 dxe4 20. Bxe4 f5 21. Ng5 Bc8 22. Bd3 Qg7 23. Qc4+ Kh8 24. Qxc3 1-0